 Dungeon Crawl Stone Soup version 0.27.0-1-g7a089689b8 (webtiles) character file.

Game seed: 13609942687364246867

292 Malachi the Magician (level 6, -4/42 HPs)
             Began as a Djinni Ice Elementalist on Aug 13, 2021.
             Slain by an ogre (23 damage)
             ... on level 4 of the Dungeon.
             The game lasted 00:06:49 (3936 turns).

Malachi the Magician (Djinni Ice Elementalist)      Turns: 3936, Time: 00:06:49

Health: -4/42      AC:  4    Str:  7    XL:     6   Next: 59%
Gold:   155        EV: 12    Int: 19    God:
                   SH:  0    Dex: 13

rFire    + + +     SeeInvis .   g - +1 dagger (venom)
rCold    x . .     Faith    .   (no shield)
rNeg     . . .     Spirit   .   a - +1 robe
rPois    ∞         Reflect  .   j - +0 helmet
rElec    .         Harm     .   (no cloak)
rCorr    .         Rampage  .   (no gloves)
Will     .....                  (boots unavailable)
Stlth    ++........             c - amulet "Joot Tay" {+Inv rF+ Regen+}
HPRegen  1.14/turn              (no ring)
MPRegen  0.00/turn              (no ring)

@: freezing walls, flying
A: sickness immunity, fire resistance 2, cold vulnerability 1, float, innate
caster, hp casting, extra vitality 1
a: Evoke Invisibility


You were on level 4 of the Dungeon.
You visited 1 branch of the dungeon, and saw 4 of its levels.

You collected 155 gold pieces.

Inventory:

Hand Weapons
 g - a +1 dagger of venom (weapon)
 h - a +3 hand axe
Armour
 a - a +1 robe (worn)
 j - a +0 helmet (worn)
Jewellery
 c - the amulet "Joot Tay" (around neck) {+Inv rF+ Regen+}
   (You acquired it on level 2 of the Dungeon)

   [amulet of regeneration]

   rF:        It protects you from fire.
   +Inv:      It lets you turn invisible.
   Regen:     It increases your rate of health regeneration.
 f - an amulet of faith
Wands
 d - a wand of charming (10)
Scrolls
 b - 4 scrolls of identify
 k - 2 scrolls of teleportation
 n - a scroll of fear {unknown}
Potions
 e - a potion of ambrosia
 i - 3 potions of brilliance
 l - a potion of berserk rage
 m - a potion of might


   Skills:
 + Level 1.0 Fighting
 + Level 1.2 Axes
 + Level 2.4 Dodging
 + Level 2.7 Stealth
 + Level 5.0 Spellcasting


You had one spell level left.
You knew the following spells:

 Your Spells              Type           Power      Damage    Failure   Level
a - Freeze                Ice            96%        1d11      1%          1
b - Frozen Ramparts       Ice            48%        1d6       4%          3
c - Ozocubu's Armour      Ice            24%        N/A       4%          3
d - Hailstorm             Conj/Ice       24%        3d7       16%         4
e - Corona                Hex            26%        N/A       1%          1
f - Ensorcelled Hibernat  Hex/Ice        48%        N/A       2%          2
Your spell library was empty.

Dungeon Overview and Level Annotations

Branches:
Dungeon (4/15)
 Temple: D:4-7

Altars:
Ashenzari

Shops:
D:3 :


Innate Abilities, Weirdness & Mutations

You are immune to sickness and miasma.
You are immune to poison.
Your flesh is very heat resistant. (rF++)
You are vulnerable to cold. (rC-)
You float through the air rather than walking.
You learn spells naturally, not from books.
Your magical power is your life essence.
You have superior vitality. (+4 HP)


Message History

Aim: an adder (heavily wounded)
You freeze the adder!
You kill the adder!
Casting: Freeze (safe; 1% risk of failure)
Confirm with . or Enter, or press ? or * to list all spells.
You can't see any susceptible monsters within range! (Use Z to cast anyway.) Unknown command.
The frozen ramparts melt away.
Found a ring mail.
n - a scroll labelled REFUQY IVOI You now have 155 gold pieces (gained 13).
A hobgoblin comes into view.
A hobgoblin is nearby!
A hobgoblin is nearby!
An ogre comes into view. It is wielding a +0 giant club.
Found a scroll labelled UNWIKU JAMUGO.
The helpless ogre fails to defend itself.
You puncture the ogre!
The ogre is poisoned.
The ogre is heavily wounded.
The ogre hits you with a +0 giant club!!
Ouch! That really hurt!
The hobgoblin shouts!
Casting: Freeze (safe; 1% risk of failure)
Confirm with . or Enter, or press ? or * to list all spells.
Casting: Frozen Ramparts (dangerous; 4% risk of failure)
Press: ? - help, Dir - look around, f - activate The walls around you are covered in ice.
The wall freezes the hobgoblin.
Unknown command.
Casting: Frozen Ramparts (dangerous; 4% risk of failure)
Confirm with . or Enter, or press ? or * to list all spells.
Aiming: Freeze (safe; 1% risk of failure)
Press: ? - help, Shift-Dir - straight line, f - ogre
Aim: an ogre, wielding a +0 giant club (heavily wounded, very poisoned)
You freeze the ogre.
The ogre is heavily wounded.
The wall freezes the ogre.
The ogre hits you with a +0 giant club!!
Ouch! That really hurt!
You die...

##### ##...# ##..
.###..#.####### .....
........O.?...# .....
##.##@## .....#
###......#
......####......g.#
.......##..#......#
.....................
.....#....###.#..##...
........### #.#.....##
.......## #.#.#.###
.......# #.#.....


You could see an ogre (very poisoned) and a hobgoblin.

Vanquished Creatures
  An ogre (D:4)
  A hound (D:4)
  Robin (D:4)
  7 adders
  A worm (D:2)
  5 dart slugs
  4 endoplasms
  A giant cockroach (D:2)
  16 goblins
  9 hobgoblins
  12 jackals
  5 kobolds
  7 quokkas
  9 ball pythons
  2 bats
  A frilled lizard (D:2)
  2 rats (D:2)
84 creatures vanquished.

Notes
Turn   | Place    | Note
-------+----------+-------------------------------------------
     0 | D:1      | Malachi the Djinni Ice Elementalist began the quest for the
                  | Orb.
     0 | D:1      | Reached XP level 1. HP: 15/15 MP: 0/0
   398 | D:1      | Reached XP level 2. HP: 9/21 MP: 0/0
  1578 | D:2      | Reached XP level 3. HP: 25/25 MP: 0/0
  1578 | D:2      | Learned a level 1 spell: Corona
  1882 | D:2      | Found a broken altar of Ashenzari.
  1908 | D:2      | Reached skill level 4 in Spellcasting
  1920 | D:2      | Reached XP level 4. HP: 8/31 MP: 0/0
  1939 | D:2      | HP: 1/31 [hobgoblin (2)]
  3125 | D:2      | Identified a scroll of acquirement
  3125 | D:2      | Acquired the amulet "Joot Tay" {+Inv rF+ Regen+}
  3284 | D:3      | Reached XP level 5. HP: 36/36 MP: 0/0
  3284 | D:3      | Learned a level 2 spell: Ensorcelled Hibernation
  3384 | D:3      | Found Leretz's Book Emporium.
  3508 | D:3      | Found a faded altar of an unknown god.
  3650 | D:4      | Noticed an ogre
  3659 | D:4      | Killed an ogre
  3660 | D:4      | Reached skill level 1 in Fighting
  3660 | D:4      | Reached skill level 1 in Axes
  3660 | D:4      | Reached XP level 6. HP: 42/42 MP: 0/0
  3736 | D:4      | Noticed Robin
  3776 | D:4      | Killed Robin
  3834 | D:4      | Reached skill level 5 in Spellcasting
  3929 | D:4      | Noticed an ogre
  3936 | D:4      | Slain by an ogre

Illustrated notes

Levels and vault maps discovered:
D:1:      amcnicky_arrival_feature_with_door, layout_basic,
          grunt_decor_junction, minmay_pentomino_p4
D:2:      layout_basic, basic_altar, kennysheep_generic_room_11
D:3:      layout_rooms, serial_shops, shop, chequers_ecumenical_altar_grove,
          kennysheep_generic_room_5
D:4:      layout_rooms, temple_green, serial_shops, shop, uniq_robin

Skill      XL: |  1  2  3  4  5  6 |
---------------+-------------------+-----
Stealth        | 2 |  2.7
Spellcasting   | 4 5 |  5.0
Fighting       | 1 |  1.0
Axes           | 1 |  1.2
Dodging        | |  2.4

Action                   |  1- 3 |  4- 6 || total
-------------------------+-------+-------++-------
Melee: Unarmed           |     3 |       ||     3
       Hand axe          |     7 |    30 ||    37
       Dagger            |       |     4 ||     4
 Cast: Freeze            |    36 |    48 ||    84
       Frozen Ramparts   |     1 |    12 ||    13
  Use: Scroll            |       |     9 ||     9
       Potion            |       |     2 ||     2
 Stab: Sleeping          |     2 |     4 ||     6
Armor: Robe              |     4 |    19 ||    23
Dodge: Dodged            |    22 |    55 ||    77
